 Dungeon Crawl Stone Soup version 0.25-a0-458-g6fc7858b95 (webtiles) character file.

Game seed: 10332403059692651279, levelgen mode: deterministic

585 Error4North the Chopper (level 7, 0/61 HPs)
             Began as a Hill Orc Fighter on Feb 2, 2020.
             Slain by a wraith (3 damage)
             ... in an ossuary.
             The game lasted 00:11:27 (3144 turns).

Error4North the Chopper (Hill Orc Fighter)          Turns: 3144, Time: 00:11:29

Health: 0/61       AC: 12    Str: 21    XL:     7   Next: 37%
Magic:  7/7        EV:  4    Int:  8    God:
Gold:   116        SH: 10    Dex: 10    Spells: 6/6 levels left

rFire    . . .     SeeInvis .   a - +0 war axe
rCold    . . .     Gourm    .   c - +0 shield
rNeg     . . .     Faith    .   p - +0 plate armour
rPois    .         Spirit   .   (no helmet)
rElec    .         Reflect  .   (no cloak)
rCorr    .         Harm     .   (no gloves)
MR       .....                  (no boots)
Stlth    ..........             (no amulet)
HPRegen  0.20/turn              (no ring)
MPRegen  0.10/turn              (no ring)

@: slowed, lightly drained, very slow
A: no striking features
a: no special abilities


You were in an ossuary.
You were hungry.

You visited 1 branch of the dungeon, and saw 4 of its levels.
You also visited: Ossuary.

You collected 116 gold pieces.

Inventory:

Hand Weapons
 a - a +0 war axe (weapon)
Armour
 c - a +0 shield (worn)
 p - a +0 plate armour (worn)
Wands
 q - a wand of enslavement (10)
 w - a wand of iceblast (1)
Scrolls
 b - a scroll of fog {unknown}
 d - a scroll of brand weapon {unknown}
 e - 6 scrolls of identify {unknown}
 g - 4 scrolls of magic mapping {unknown}
 h - a scroll of amnesia {unknown}
 i - 4 scrolls of remove curse {unknown}
 j - 2 scrolls of immolation {unknown}
 n - 4 scrolls of fear {unknown}
 o - 6 scrolls of teleportation {unknown}
 t - a scroll of random uselessness {unknown}
Potions
 k - a potion of lignification
 m - a potion of degeneration {unknown}
 r - a potion of curing {unknown}
 s - a potion of mutation {unknown}
 u - 2 potions of haste {unknown}
 v - a potion of resistance {unknown}
 x - a potion of might
Comestibles
 f - 10 rations


   Skills:
 * Level 5.3(5.2) Fighting
 + Level 6.8 Axes
 * Level 5.0 Armour
 + Level 0.3 Dodging
 * Level 4.9 Shields


You had 6 spell levels left.
You didn't know any spells.
Your spell library was empty.

Dungeon Overview and Level Annotations

Branches:
Dungeon (4/15)            Ossuary (1/1)
 Temple: D:4-7

Altars:
Vehumet
The Shining One

Shops:
D:4 }}[


Message History

You hit the wraith.
The wraith is severely damaged.
You block the wraith's attack.
You hit the wraith but do no damage.
The wraith is severely damaged.
You block the wraith's attack. The wraith hits you but does no damage.
You hit the wraith.
The wraith is severely damaged.
You block the wraith's attack. The wraith hits you!
* * * LOW HITPOINT WARNING * * *
The wraith drains your vigour!
You feel as though you will be slow longer.
Your shield and plate armour prevent you from hitting the wraith.
The wraith is severely damaged.
The wraith hits you.
* * * LOW HITPOINT WARNING * * *
The wraith drains your vigour!
You feel as though you will be slow longer.
The wraith hits you.
You die...

#.###..###..###.#
#...............#
#.###.......###.##
#.# #.......#z#.'.
#.###.......###.##
#...............#
#.###..###..###.#
#.#.#..#z#..#.#.#
#@W##..###..##')#
#............[..#
#################


You could see a wraith.

Vanquished Creatures
  A wraith (Ossuary)
  An ogre (D:4)
  A centaur (D:3)
  2 wights (Ossuary)
  A hound (D:4)
  A mummy (D:4)
  4 gnolls (D:3)
  An adder (D:3)
  2 adder zombies (Ossuary)
  A worm (D:2)
  3 dart slugs
  4 leopard geckos
  An orc (D:4)
  3 ball pythons
  6 bats
  2 giant cockroaches (D:1)
  6 goblins
  2 hobgoblins (D:3)
  11 jackals
  3 quokkas
  4 frilled lizards
  2 hobgoblin skeletons (Ossuary)
  2 hobgoblin zombies (Ossuary)
  9 kobolds
  2 kobold zombies (Ossuary)
  An orc skeleton (Ossuary)
  8 rats
84 creatures vanquished.

Notes
Turn   | Place    | Note
-------+----------+-------------------------------------------
     0 | D:1      | Error4North the Hill Orc Fighter began the quest for the
                  | Orb.
     0 | D:1      | Reached XP level 1. HP: 19/19 MP: 1/1
    64 | D:1      | Reached skill level 3 in Axes
    66 | D:1      | Reached XP level 2. HP: 20/27 MP: 2/2
   411 | D:1      | Reached XP level 3. HP: 33/33 MP: 3/3
  1339 | D:2      | Reached skill level 4 in Axes
  1474 | D:2      | Reached XP level 4. HP: 40/40 MP: 4/4
  1567 | D:2      | Found a glowing golden altar of the Shining One.
  1864 | D:3      | Noticed a centaur
  1878 | D:3      | Killed a centaur
  1878 | D:3      | Reached skill level 5 in Axes
  1878 | D:3      | Reached XP level 5. HP: 20/47 MP: 5/5
  2543 | D:4      | Found a radiant altar of Vehumet.
  2562 | D:4      | Found Idorusmu's Armour Shop.
  2655 | D:4      | Found Moaligeh's Gadget Shop.
  2660 | D:4      | Found Tohaih's Gadget Emporium.
  2672 | D:4      | Noticed an ogre
  2676 | D:4      | Found a sand-covered staircase.
  2681 | D:4      | Reached XP level 6. HP: 50/53 MP: 6/6
  2689 | Ossuary  | Entered an ossuary
  2773 | Ossuary  | Reached skill level 6 in Axes
  2793 | Ossuary  | Noticed a flying skull
  2793 | Ossuary  | Noticed a wraith
  2800 | Ossuary  | Noticed a flying skull
  2805 | Ossuary  | Noticed a wraith
  2821 | Ossuary  | Killed a wraith
  2821 | Ossuary  | Reached skill level 5 in Fighting
  2821 | Ossuary  | Reached XP level 7. HP: 38/61 MP: 7/7
  2934 | Ossuary  | Noticed a flying skull
  2947 | Ossuary  | Reached skill level 5 in Armour
  3029 | Ossuary  | Noticed a flying skull
  3092 | Ossuary  | Noticed a wraith
  3122 | Ossuary  | HP: 4/91 [wraith (2)]
  3144 | Ossuary  | HP: 3/61 [wraith (3)]
  3144 | Ossuary  | Slain by a wraith

Levels and vault maps discovered:
D:1:      giann_horns, layout_basic
D:2:      layout_basic, nicolae_tso_swordbearing_angel, first_ration
D:3:      layout_rooms, lemuel_another_geyser
D:4:      layout_layer_cave, old_standard_altar, serial_shops, shop, shop, shop,
          nicolae_ossuary_entry_giza
Ossuary:  ossuary_due_cavern

Skill      XL: |  1  2  3  4  5  6  7 |
---------------+----------------------+-----
Axes           | 3 4 5 6 |  6.8
Fighting       | 4 5 |  5.3
Armour         | 4 5 |  5.0
Shields        | 4 |  4.9
Dodging        | |  0.3

Action                   |  1- 3 |  4- 6 |  7- 9 || total
-------------------------+-------+-------+-------++-------
Melee: War axe           |   102 |   145 |    60 ||   307
  Use: Potion            |       |     1 |     2 ||     3
  Eat: Chunk             |     2 |     4 |     1 ||     7
Armor: Scale mail        |    79 |     3 |       ||    82
       Plate armour      |       |    97 |    19 ||   116
       Skin              |       |       |    21 ||    21
Dodge: Dodged            |    39 |    33 |    10 ||    82
Block: Shield            |    59 |    82 |    28 ||   169

Table legend:
 A = Non-vault XP
 B = Vault XP
 C = Vault XP percentage of total XP
 D = Non-vault monster count
 E = Vault monster count
 F = Vault count percentage of total count
                 A         B        C        D         E       F
            +---------+---------+-------+---------+---------+-------
      Total |     474 |     363 |  43.4 |      71 |      13 |  15.5
            +---------+---------+-------+---------+---------+-------
        D:1 |      44 |       0 |   0.0 |      24 |       0 |   0.0
        D:2 |      43 |       0 |   0.0 |      21 |       0 |   0.0
        D:3 |     200 |       0 |   0.0 |      18 |       0 |   0.0
        D:4 |     187 |      18 |   8.8 |       8 |       1 |  11.1
    Ossuary |       0 |     345 | 100.0 |       0 |      12 | 100.0
            +---------+---------+-------+---------+---------+-------
